BSA
KANSAS CITY KINGS @ KALAMAZOO ROYALE WITH CHEESE
09/23/2030
 
TOP OF THE 1ST
Kansas City Kings batting - Pitching for Kalamazoo Royale with Cheese : LHP Salvador Castro
Pitching: LHP Salvador Castro
Batting: LHB Brian Easdale 0-0: Ground out 4-3 (Groundball, 4)
Batting: LHB Luis González 0-0: Ball
1-0: Ball
2-0: Foul Ball, location: 2F
2-1: Ground out U3 (Groundball, 3L)
Batting: RHB Dave Parker 0-0: Called Strike
0-1: Ball
1-1: Called Strike
1-2: Strikes out swinging
Top of the 1st over - 0 runs, 0 hits, 0 errors, 0 left on base; Kansas City 0 - Kalamazoo 0
BOTTOM OF THE 1ST
Kalamazoo Royale with Cheese batting - Pitching for Kansas City Kings : RHP Carlos Pacheco
Pitching: RHP Carlos Pacheco
Batting: RHB Millard Boyd 0-0: Called Strike
0-1: Called Strike
0-2: Ball
1-2: Strikes out looking
Batting: LHB Gene Cooper 0-0: Ball
1-0: Called Strike
1-1: Foul Ball, location: 2F
1-2: Ball
2-2: Ball
3-2: Ground out 5-3 (Groundball, 56S)
Batting: SHB Caden Keith 0-0: Ball
1-0: Ball
2-0: Swinging Strike
2-1: Foul Ball, location: 2F
2-2: Ball
3-2: Fly out, F8 (Line Drive, 8LXD)
Bottom of the 1st over - 0 runs, 0 hits, 0 errors, 0 left on base; Kansas City 0 - Kalamazoo 0
TOP OF THE 2ND
Kansas City Kings batting - Pitching for Kalamazoo Royale with Cheese : LHP Salvador Castro
Batting: RHB Chris Chandler 0-0: Called Strike
0-1: Ball
1-1: Fly out, F9 (Flyball, 9)
Batting: RHB Toshimichi Kono 0-0: Called Strike
0-1: Ball
1-1: Ground out 6-3 (Groundball, 6)
Batting: RHB Rafael Carreón 0-0: Called Strike
0-1: Swinging Strike
0-2: Ball
1-2: Ball
2-2: Strikes out swinging
Top of the 2nd over - 0 runs, 0 hits, 0 errors, 0 left on base; Kansas City 0 - Kalamazoo 0
BOTTOM OF THE 2ND
Kalamazoo Royale with Cheese batting - Pitching for Kansas City Kings : RHP Carlos Pacheco
Batting: LHB Roberto Sandoval 0-0: Ball
1-0: Ball
2-0: Ball
3-0: Base on Balls
Batting: LHB Bob Smith 0-0: Ball
Roberto Sandoval steals 2nd base
1-0: Called Strike
1-1: Ground out 4-3 (Groundball, 34)
Roberto Sandoval to third
Pitching: LHP Keith Swanson
Batting: LHB Donovan Bird 0-0: Called Strike
0-1: Called Strike
0-2: Ball
1-2: Ball
2-2: Strikes out swinging
Batting: RHB Zander Tremblett 0-0: Ball
1-0: Foul Ball, location: 2F
1-1: Ball
2-1: Ball
3-1: Called Strike
3-2: Base on Balls
Batting: LHB Bill McJannett 0-0: Called Strike
0-1: Foul Ball, location: 2F
0-2: Ball
1-2: Ball
2-2: Ball
3-2: Foul Ball, location: 2F
3-2: SINGLE (Line Drive, 7LM)
Roberto Sandoval scores
Zander Tremblett to second
Zander Tremblett to third
Batting: RHB Eichiro Yamamoto 0-0: Foul Ball, location: 2F
0-1: Ball
1-1: Ball
2-1: Foul Ball, location: 2F
2-2: SINGLE (Flyball, 89S)
Zander Tremblett scores
Bill McJannett to second
Runner from 2nd tries for 3rd, SAFE, no throw
Batting: RHB Millard Boyd 0-0: Called Strike
0-1: Called Strike
0-2: Strikes out swinging
Bottom of the 2nd over - 2 runs, 2 hits, 0 errors, 2 left on base; Kansas City 0 - Kalamazoo 2
TOP OF THE 3RD
Kansas City Kings batting - Pitching for Kalamazoo Royale with Cheese : LHP Salvador Castro
Batting: RHB Cy Keynes 0-0: Swinging Strike
0-1: Foul Ball, location: 2F
0-2: Foul Ball, location: 2F
0-2: Ball
1-2: Ball
2-2: Ball
3-2: DOUBLE (Line Drive, 89M)
Batting: RHB Eduardo García 0-0: Ball
1-0: Ball
2-0: Called Strike
2-1: Swinging Strike
2-2: Strikes out swinging
Batting: RHB Eric Fuller 0-0: Ball
1-0: Fly out, F8 (Flyball, 8RS)
Batting: LHB Brian Easdale 0-0: Foul Ball, location: 2F
0-1: SINGLE (Flyball, 7LM)
Cy Keynes to third
Batting: LHB Luis González 0-0: Ball
1-0: Foul Ball, location: 2F
1-1: Ball
2-1: Foul Ball, location: 2F
2-2: Foul Ball, location: 2F
2-2: Fly out, F9 (Flyball, 9)
Top of the 3rd over - 0 runs, 2 hits, 0 errors, 2 left on base; Kansas City 0 - Kalamazoo 2
BOTTOM OF THE 3RD
Kalamazoo Royale with Cheese batting - Pitching for Kansas City Kings : LHP Keith Swanson
Batting: LHB Gene Cooper 0-0: Called Strike
0-1: Ball
1-1: Fly out, F9 (Flyball, 9)
Batting: SHB Caden Keith 0-0: Called Strike
0-1: DOUBLE (Flyball, 8RXD)
Batting: LHB Roberto Sandoval 0-0: Called Strike
0-1: Ball
1-1: SINGLE (Line Drive, 89M)
Caden Keith to third
Batting: LHB Bob Smith 0-0: Ball
1-0: SINGLE (Groundball, 4D)
Caden Keith scores
Roberto Sandoval to second
Runner from 2nd tries for 3rd, SAFE, no throw
Batting: LHB Donovan Bird 0-0: Ground out 5-3 (Groundball, 56S)
Roberto Sandoval scores
Bob Smith to second
Batting: RHB Zander Tremblett 0-0: Swinging Strike
0-1: Ball
1-1: Fly out, F9 (Flyball, 89D)
Bottom of the 3rd over - 2 runs, 3 hits, 0 errors, 1 left on base; Kansas City 0 - Kalamazoo 4
TOP OF THE 4TH
Kansas City Kings batting - Pitching for Kalamazoo Royale with Cheese : LHP Salvador Castro
Batting: RHB Dave Parker 0-0: Ball
1-0: DOUBLE (Flyball, 89XD)
Batting: RHB Chris Chandler 0-0: Ball
1-0: Ball
2-0: Ball
3-0: Base on Balls
Batting: RHB Toshimichi Kono 0-0: Called Strike
0-1: Fly out, F3 (Popup, 3F)
Batting: RHB Rafael Carreón 0-0: Ball
1-0: Foul Ball, location: 2F
1-1: Foul Ball, location: 2F
1-2: Ball
2-2: Fly out, F8 (Flyball, 8RD)
Batting: RHB Cy Keynes 0-0: Ball
1-0: Ball
2-0: Swinging Strike
2-1: Swinging Strike
2-2: Ball
3-2: SINGLE (Groundball, 4D)
Dave Parker to third
Chris Chandler to second
Dave Parker scores
Chris Chandler to third
Batting: RHB Eduardo García 0-0: Called Strike
0-1: Ball
1-1: DOUBLE (Line Drive, 7LD)
Chris Chandler scores
Cy Keynes to third
Runner from 3rd tries for Home, SAFE, no throw
Batting: RHB Eric Fuller 0-0: SINGLE (Flyball, 89M)
Eduardo García to third
Runner from 3rd tries for Home, SAFE, no throw
Batting: LHB Brian Easdale 0-0: Ball
1-0: Foul Ball, location: 2F
1-1: Ball
2-1: Foul Ball, location: 2F
2-2: Ball
3-2: Strikes out looking
Top of the 4th over - 4 runs, 4 hits, 0 errors, 1 left on base; Kansas City 4 - Kalamazoo 4
BOTTOM OF THE 4TH
Kalamazoo Royale with Cheese batting - Pitching for Kansas City Kings : LHP Keith Swanson
Batting: LHB Bill McJannett 0-0: Swinging Strike
0-1: Called Strike
0-2: Foul Ball, location: 2F
0-2: Strikes out swinging
Batting: RHB Eichiro Yamamoto 0-0: Ball
1-0: Ball
2-0: Ball
3-0: Base on Balls
Batting: RHB Millard Boyd 0-0: Ball
1-0: Grounds into double play, 6-4-3 (Groundball, 6M)
Bottom of the 4th over - 0 runs, 0 hits, 0 errors, 0 left on base; Kansas City 4 - Kalamazoo 4
TOP OF THE 5TH
Kansas City Kings batting - Pitching for Kalamazoo Royale with Cheese : LHP Salvador Castro
Batting: LHB Luis González 0-0: Ball
1-0: Called Strike
1-1: Ball
2-1: Foul Ball, location: 2F
2-2: Foul Ball, location: 2F
2-2: SINGLE (Groundball, 4D)
Batting: RHB Dave Parker 0-0: Ball
1-0: Called Strike
1-1: Foul Ball, location: 2F
1-2: Fly out, F8 (Flyball, 8RXD)
Batting: RHB Chris Chandler 0-0: Fly out, F7 (Flyball, 78S)
Batting: RHB Toshimichi Kono 0-0: Ground out 4-3 (Groundball, 4)
Top of the 5th over - 0 runs, 1 hit, 0 errors, 1 left on base; Kansas City 4 - Kalamazoo 4
BOTTOM OF THE 5TH
Kalamazoo Royale with Cheese batting - Pitching for Kansas City Kings : LHP Keith Swanson
Batting: LHB Gene Cooper 0-0: Called Strike
0-1: Ball
1-1: Ball
2-1: Ball
3-1: SINGLE (Line Drive, 8RS)
Pitching: RHP Aaron Palmer
Batting: SHB Caden Keith 0-0: Ball
1-0: Grounds into double play, 4-6-3 (Groundball, 4M)
Batting: LHB Roberto Sandoval 0-0: Ball
1-0: Foul Ball, location: 2F
1-1: Foul Ball, location: 2F
1-2: Ball
2-2: Ball
3-2: Fly out, F4 (Line Drive, 4)
Bottom of the 5th over - 0 runs, 1 hit, 0 errors, 0 left on base; Kansas City 4 - Kalamazoo 4
TOP OF THE 6TH
Kansas City Kings batting - Pitching for Kalamazoo Royale with Cheese : LHP Salvador Castro
Batting: RHB Rafael Carreón 0-0: Ball
1-0: Foul Ball, location: 2F
1-1: Swinging Strike
1-2: Ball
2-2: Ball
3-2: Fly out, F7 (Flyball, 7S)
Batting: RHB Cy Keynes 0-0: Ball
1-0: Called Strike
1-1: Ball
2-1: Swinging Strike
2-2: Ball
3-2: Strikes out swinging
Batting: RHB Eduardo García 0-0: Ball
1-0: Called Strike
1-1: Foul Ball, location: 2F
1-2: Foul Ball, location: 2F
1-2: Fly out, F9 (Flyball, 9S)
Top of the 6th over - 0 runs, 0 hits, 0 errors, 0 left on base; Kansas City 4 - Kalamazoo 4
BOTTOM OF THE 6TH
Kalamazoo Royale with Cheese batting - Pitching for Kansas City Kings : RHP Aaron Palmer
Batting: LHB Bob Smith 0-0: Called Strike
0-1: Swinging Strike
0-2: Ball
1-2: Ball
2-2: Strikes out swinging
Batting: LHB Donovan Bird 0-0: Swinging Strike
0-1: Swinging Strike
0-2: Strikes out swinging
Batting: RHB Zander Tremblett 0-0: Ball
1-0: Ball
2-0: Called Strike
2-1: Called Strike
2-2: DOUBLE (Line Drive, 7LD)
Batting: LHB Bill McJannett 0-0: Swinging Strike
0-1: Ball
1-1: Fly out, F5 (Popup, 5S)
Bottom of the 6th over - 0 runs, 1 hit, 0 errors, 1 left on base; Kansas City 4 - Kalamazoo 4
TOP OF THE 7TH
Kansas City Kings batting - Pitching for Kalamazoo Royale with Cheese : LHP Salvador Castro
Pitching: RHP Armen Boyajian
Batting: RHB Eric Fuller 0-0: SOLO HOME RUN (Flyball, 7LD), Distance : 354 ft
Pitching: LHP Carlos Thomas
Batting: LHB Brian Easdale 0-0: Ball
1-0: Swinging Strike
1-1: Swinging Strike
1-2: Ball
2-2: Foul Ball, location: 2F
2-2: Ground out 4-3 (Groundball, 4D)
Batting: LHB Luis González 0-0: Called Strike
0-1: Fly out, F1 (Line Drive, 13)
Pitching: RHP António Ojeda
Batting: RHB Dave Parker 0-0: Swinging Strike
0-1: Called Strike
0-2: Ball
1-2: Strikes out swinging
Top of the 7th over - 1 run, 1 hit, 0 errors, 0 left on base; Kansas City 5 - Kalamazoo 4
BOTTOM OF THE 7TH
Kalamazoo Royale with Cheese batting - Pitching for Kansas City Kings : RHP Aaron Palmer
Batting: RHB Eichiro Yamamoto 0-0: Called Strike
0-1: Ball
1-1: Ball
2-1: Ball
3-1: Fly out, F8 (Flyball, 8RD)
Batting: RHB Millard Boyd 0-0: Called Strike
0-1: Ball
1-1: Foul Ball, location: 2F
1-2: Ball
2-2: Ground out 5-3 (Groundball, 5S)
Pitching: LHP Enrique Muñóz
Batting: LHB Gene Cooper 0-0: Called Strike
0-1: Ground out 3-1 (Groundball, 34)
Bottom of the 7th over - 0 runs, 0 hits, 0 errors, 0 left on base; Kansas City 5 - Kalamazoo 4
TOP OF THE 8TH
Kansas City Kings batting - Pitching for Kalamazoo Royale with Cheese : RHP António Ojeda
Batting: RHB Chris Chandler 0-0: Ball
1-0: Foul Ball, location: 2F
1-1: Swinging Strike
1-2: Foul Ball, location: 2F
1-2: Ball
2-2: Foul Ball, location: 2F
2-2: Foul Ball, location: 2F
2-2: Hit by Pitch
Batting: RHB Toshimichi Kono 0-0: Ball
1-0: Ball
Chris Chandler steals 2nd base
2-0: Intentional Walk
Batting: RHB Rafael Carreón 0-0: Ball
Wild Pitch!
Chris Chandler to third
Toshimichi Kono to second
1-0: Foul Ball, location: 2F
1-1: Ground out 6-3 (Groundball, 6)
Batting: RHB Cy Keynes 0-0: Foul Ball, location: 2F
0-1: Ball
1-1: Ball
2-1: Ball
3-1: Base on Balls
Batting: RHB Eduardo García 0-0: Called Strike
0-1: Foul Ball, location: 2F
0-2: Strikes out swinging
Batting: RHB Eric Fuller 0-0: Ball
1-0: Ball
2-0: Called Strike
2-1: Ball
3-1: Foul Ball, location: 2F
3-2: Strikes out swinging
Top of the 8th over - 0 runs, 0 hits, 0 errors, 3 left on base; Kansas City 5 - Kalamazoo 4
BOTTOM OF THE 8TH
Kalamazoo Royale with Cheese batting - Pitching for Kansas City Kings : LHP Enrique Muñóz
Pitching: RHP Alberto Bonilla
Batting: SHB Caden Keith 0-0: SINGLE (Flyball, 78M)
Batting: LHB Roberto Sandoval 0-0: Ball
1-0: Called Strike
1-1: Foul Ball, location: 2F
1-2: Strikes out swinging
Batting: LHB Bob Smith 0-0: Ball
Caden Keith is caught stealing 2nd base
1-0: Foul Ball, location: 2F
1-1: Ball
2-1: Ground out 4-3 (Groundball, 34D)
Bottom of the 8th over - 0 runs, 1 hit, 0 errors, 0 left on base; Kansas City 5 - Kalamazoo 4
TOP OF THE 9TH
Kansas City Kings batting - Pitching for Kalamazoo Royale with Cheese : RHP António Ojeda
Batting: LHB Brian Easdale 0-0: Called Strike
0-1: Ground out 4-3 (Groundball, 4)
Batting: LHB Luis González 0-0: Ball
1-0: TRIPLE (Flyball, 78XD)
Batting: RHB Dave Parker 0-0: Ball
1-0: Ground out 5-3 (Groundball, 56S)
Batting: RHB Chris Chandler 0-0: Ball
1-0: Ball
2-0: Ball
3-0: Base on Balls
Batting: RHB Toshimichi Kono 0-0: Swinging Strike
0-1: Called Strike
0-2: Ball
1-2: DOUBLE (Line Drive, 9LD)
Luis González scores
Chris Chandler to third
Runner from 3rd tries for Home, SAFE, no throw
Pitching: RHP Josh Graham
Batting: RHB Rafael Carreón 0-0: Called Strike
0-1: 2-RUN HOME RUN (Flyball, 7LD), Distance : 350 ft
Batting: RHB Cy Keynes 0-0: Ball
1-0: Ball
2-0: Ground out 6-3 (Groundball, 56)
Top of the 9th over - 4 runs, 3 hits, 0 errors, 0 left on base; Kansas City 9 - Kalamazoo 4
BOTTOM OF THE 9TH
Kalamazoo Royale with Cheese batting - Pitching for Kansas City Kings : RHP Alberto Bonilla
Batting: LHB Donovan Bird 0-0: Called Strike
0-1: DOUBLE (Groundball, 3L)
Batting: RHB Zander Tremblett 0-0: Ball
1-0: Ball
2-0: Called Strike
2-1: Foul Ball, location: 2F
2-2: Foul Ball, location: 2F
2-2: Foul Ball, location: 2F
2-2: Foul Ball, location: 2F
2-2: Foul Ball, location: 2F
2-2: Fly out, F8 (Flyball, 89XD)
Runner from 2nd tags up, SAFE at 3rd, no throw
Batting: LHB Bill McJannett 0-0: Ball
1-0: Foul Ball, location: 2F
1-1: Swinging Strike
1-2: Ball
2-2: Ball
3-2: Base on Balls
Batting: RHB Eichiro Yamamoto 0-0: Called Strike
0-1: Ball
1-1: Ball
2-1: Ground out 4-3 (Groundball, 34)
Donovan Bird scores
Bill McJannett to second
Batting: RHB Millard Boyd 0-0: Called Strike
0-1: Called Strike
0-2: Ball
1-2: Ball
2-2: Fly out, F5 (Line Drive, 5S)
Bottom of the 9th over - 1 run, 1 hit, 0 errors, 1 left on base; Kansas City 9 - Kalamazoo 5
Saturday, April 7th, 2018 - OOTP Baseball 18.8 Build 76